 Dungeon Crawl Stone Soup version 0.31-a0-841-g038b102fc3 (webtiles) character file.

Game seed: 4931993817321596376

12 subawu the Ruffian (level 2, -1/21 HPs)
             Began as a Demonspawn Shapeshifter on Sept 27, 2023.
             Slain by a kobold
             ... wielding a +0 whip
              (3 damage)
             ... on level 1 of the Dungeon.
             The game lasted 00:02:11 (386 turns).

subawu the Ruffian (Demonspawn Shapeshifter)         Turns: 386, Time: 00:02:12

Health: -1/21      AC:  2    Str: 14    XL:     2   Next: 20%
Magic:  2/2        EV: 12    Int: 11    God:
Gold:   20         SH:  4    Dex: 12    Spells: 1/1 levels left

rFire   . .          .
                       - Unarmed
rCold   . . .        (no shield)
rNeg    . . .        a - +0 animal skin
rPois   .            (helmet currently unavailable)
rElec   .            (cloak currently unavailable)
rCorr   .            (gloves currently unavailable)
SInv    .            (boots currently unavailable)
Will    .....        (no amulet)
Stlth   +            (no ring)
HPRegen 0.23/turn    (no ring)
MPRegen 0.08/turn

%: no passive effects
@: beast-form
A: beast (slay +1), condensation shield
a: Begin Untransformation


You were on level 1 of the Dungeon.
You were a hulking beast.
You visited 1 branch of the dungeon, and saw 1 of its levels.

You collected 20 gold pieces.

Inventory:

Armour
 a - a +0 animal skin (worn)
Talismans
 c - a beast talisman (active)
 d - a flux talisman
Scrolls
 e - a scroll of immolation {unknown}
 f - a scroll of poison {unknown}
Potions
 b - a potion of lignification


   Skills:
 + Level 1.0 Fighting
 + Level 2.0 Dodging
 + Level 3.0 Unarmed Combat
 + Level 2.9 Shapeshifting


You had one spell level left.
You didn't know any spells.
Your spell library was empty.

Dungeon Overview and Level Annotations

Branches:
Dungeon (1/15)

Altars:


Innate Abilities, Weirdness & Mutations

You are a hulking beast.
Your limbs bulge with bestial killing power. (Slay +1)
A meltable shield of frost defends you. (SH +4)


Message History

You block the quokka's attack. The giant cockroach barely misses you.
You hit the giant cockroach.
The giant cockroach is almost dead.
You block the kobold's attack. You block the quokka's attack.
The giant cockroach bites you.
You hit the giant cockroach.
You kill the giant cockroach!
You block the kobold's attack. The frilled lizard barely misses you.
The quokka closely misses you. The quokka attacks as it pursues you!
The quokka bites you.
You closely miss the kobold. The frilled lizard barely misses you.
The kobold hits you but does no damage.
You hit the kobold but do no damage. The kobold misses you.
The frilled lizard barely misses you.
You hit the kobold but do no damage. The frilled lizard bites you.
You block the kobold's attack.
You hit the kobold.
The kobold is severely wounded.
The kobold hits you with a +0 whip. The frilled lizard misses you.
You closely miss the kobold.
The kobold is severely wounded.
The kobold misses you. The frilled lizard closely misses you.
You barely miss the kobold.
The kobold is severely wounded.
The frilled lizard bites you.
* * * LOW HITPOINT WARNING * * *
The kobold barely misses you.
You miss the kobold.
The kobold is severely wounded.
You block the frilled lizard's attack. The kobold hits you but does no damage.
You hit the kobold but do no damage.
The kobold is severely wounded.
The kobold hits you with a +0 whip.
* * * LOW HITPOINT WARNING * * *
You block the frilled lizard's attack.
You closely miss the kobold.
The kobold is severely wounded.
The frilled lizard bites you but does no damage.
The kobold hits you with a +0 whip.
You die...

..#####..#
#.#.#.## #..#
#.# # . #..# .#
#..# .# #..#
#..# #. #..#
... .#####..#
.... .......h#
.....
......lK#......
.......r.......
...............
..........##...
#........... ..
#............
#.).........##
#.).........#


You could see a quokka, a kobold and a frilled lizard.

Vanquished Creatures
  A dart slug (D:1)
  A ball python (D:1)
  2 giant cockroaches (D:1)
  3 bats (D:1)
  2 kobolds (D:1)
  2 rats (D:1)
11 creatures vanquished.

Notes
Turn   | Place    | Note
-------+----------+-------------------------------------------
     0 | D:1      | subawu the Demonspawn Shapeshifter began the quest for the
                  | Orb.
     0 | D:1      | Reached XP level 1. HP: 15/15 MP: 1/1
   343 | D:1      | Reached skill level 3 in Unarmed Combat
   343 | D:1      | Gained mutation: A meltable shield of frost defends you.
                  | (SH +4) [demonic ancestry]
   343 | D:1      | Reached XP level 2. HP: 14/21 MP: 2/2
   385 | D:1      | HP: 1/21 [kobold/+0 whip (5)]
   386 | D:1      | Slain by a kobold

Illustrated notes

Levels and vault maps discovered:
D:1:      nagdon_arrival_zigzag_paths, layout_basic

Skill      XL: |  1  2 |
---------------+-------+-----
Unarmed Combat | 3 |  3.0
Dodging        | 2 |  2.0
Fighting       | |  1.0
Shapeshifting  | |  2.9

Action                     || total
---------------------------++-------
  Melee: Unarmed           ||    54
   Stab: Sleeping          ||     1
 Armour: Animal skin       ||    43
  Dodge: Dodged            ||    48
  Block: Other             ||     8

Table legend: (Time is in decaauts)
 A = Elapsed time spent in this place.
 B = Non-inter-level travel time spent in this place.
 C = Inter-level travel time spent in this place.
 D = Time resting spent in this place.
 E = Time spent auto-exploring this place.
 F = Levels seen in this place.
 G = Mean time per level.
                   A        B        C        D        E       F      G
               +--------+--------+--------+--------+--------+-----+--------+
         Total |    383 |    383 |      0 |    123 |     68 |   1 |  383.0 |
       Dungeon |    383 |    383 |      0 |    123 |     68 |   1 |  383.0 |
               +--------+--------+--------+--------+--------+-----+--------+

Top non-repeatable levels by time:
     D:1: 383 daAuts
